 Dungeon Crawl Stone Soup version 0.28-a0-1128-gb845255321 (webtiles) character file.

Game seed: 18008333436388070839

113 Gargoyl the Skirmisher (level 4, -1/41 HPs)
             Began as a Gnoll Abyssal Knight on Dec 12, 2021.
             Was a Follower of Lugonu.
             Slain by an ogre (16 damage)
             ... on level 2 of the Dungeon.
             The game lasted 00:02:21 (1809 turns).

Gargoyl the Skirmisher (Gnoll Abyssal Knight)       Turns: 1809, Time: 00:02:21

Health: -1/41      AC:  9    Str: 14    XL:     4   Next: 96%
Magic:  7/7        EV:  7    Int:  9    God:    Lugonu [*.....]
Gold:   126        SH:  0    Dex: 19    Spells: 5/5 levels left

rFire   + . .      SeeInvis .   a - +1 hand axe
rCold   . . .      Faith    .   (no shield)
rNeg    . . .      Spirit   .   d - +0 chain mail
rPois   .          Reflect  .   (no helmet)
rElec   .          Harm     .   (no cloak)
rCorr   .          Rampage  .   (no gloves)
Will    .....                   (no boots)
Stlth   ..........              (no amulet)
HPRegen 0.13/turn               c - ring of protection from fire
MPRegen 0.10/turn               g - +6 ring of dexterity

@: brilliant
A: fangs 1, strong nose, distributed training
a: Renounce Religion, Depart the Abyss


You were on level 2 of the Dungeon.
You worshipped Lugonu.
Lugonu was aware of your devotion.
You visited 1 branch of the dungeon, and saw 2 of its levels.
You visited the Abyss 1 time.

You collected 126 gold pieces.

Inventory:

Hand Weapons
 a - a +1 hand axe (weapon)
Armour
 d - a +0 chain mail (worn)
Jewellery
 c - a ring of protection from fire (left hand)
 g - a +6 ring of dexterity (right hand)
Potions
 e - a potion of brilliance


   Skills:
 + Level 6.6 Fighting
 + Level 1.3 Short Blades
 + Level 1.3 Long Blades
 + Level 4.7 Axes
 + Level 1.3 Maces & Flails
 + Level 1.3 Polearms
 + Level 1.3 Staves
 + Level 1.3 Slings
 + Level 1.3 Bows
 + Level 1.3 Crossbows
 + Level 1.3 Throwing
 + Level 4.7 Armour
 + Level 2.8 Dodging
 + Level 1.3 Stealth
 + Level 1.3 Shields
 + Level 1.3 Unarmed Combat
 + Level 1.3 Spellcasting
 + Level 1.0 Conjurations
 + Level 1.0 Hexes
 + Level 1.0 Summonings
 + Level 1.0 Necromancy
 + Level 1.0 Translocations
 + Level 1.0 Transmutations
 + Level 1.0 Fire Magic
 + Level 1.0 Ice Magic
 + Level 1.0 Air Magic
 + Level 1.0 Earth Magic
 + Level 1.0 Poison Magic
 + Level 4.8 Invocations
 + Level 1.3 Evocations


You had 5 spell levels left.
You didn't know any spells.
Your spell library contained the following spells:

 Spells                   Type           Power      Damage    Failure   Level
 Animate Dead             Necr           1%         N/A       100%        4
 Borgnjor's Vile Clutch   Necr/Erth      1%         N/A       100%        5
 Death Channel            Necr           1%         N/A       100%        6


Dungeon Overview and Level Annotations

Branches:
Dungeon (2/15)

Altars:


Innate Abilities, Weirdness & Mutations

You have very sharp teeth.
Your uncanny sense of smell can sniff out nearby items.
Your experience applies equally to all skills.


Message History

Unknown command.
e - 2 grey potions (gained 1)
You see here a hobgoblin corpse.
Unknown command.
An ogre comes into view. It is wielding a +0 giant club.
An ogre is nearby!
An ogre is nearby!
An ogre is nearby!
Throw: 2 javelins
Press: ? - help, Q - select action, (/) - cycle Shift-Dir - straight line, f - ogre
Aim: an ogre, wielding a +0 giant club (wandering, hasn't noticed you, 77% to hit)
You throw a javelin. The ogre shouts!
The javelin pierces through the ogre!
The ogre is moderately wounded.
Throw: javelin
Press: ? - help, Q - select action, (/) - cycle Shift-Dir - straight line, f/p - ogre
Aim: an ogre, wielding a +0 giant club (moderately wounded, 76% to hit)
You throw a javelin. The javelin pierces through the ogre!
The ogre is severely wounded.
Unknown command.
Okay, then.
It was a potion of brilliance.
You feel clever all of a sudden.
You hit the ogre but do no damage.
The ogre is heavily wounded.
The ogre closely misses you.
You hit the ogre. Your bite misses the ogre.
The ogre is severely wounded.
The ogre hits you with a +0 giant club!!
Ouch! That really hurt!
* * * LOW HITPOINT WARNING * * *
Unknown command.
You feel better. The ogre completely misses you.
You hit the ogre.
The ogre is almost dead.
You hit the ogre.
The ogre is almost dead.
The ogre hits you with a +0 giant club!
You die...

#.# (. ###.# #.. ##.#.#
.. #.#..# #. .###.##
##'## ....#.## ##...##
.P.P.#.# ##.....##
P♣♣...## ##....O..##
.......####.....@†..###..
_.P.......'.........'....
♣......####.......†.####.
.P♣P...# ##.......##
..P..#.# ##.....##
....##.# ##...## ##...#.#
##'## ###.#.# #.#
####.#.# #.#


You could see an ogre.

Vanquished Creatures
  A quasit (Abyss:1)
  3 adders (D:2)
  A dart slug (D:1)
  5 endoplasms
  2 giant cockroaches
  3 goblins
  5 hobgoblins
  4 jackals (D:2)
  3 kobolds
  A quokka (D:1)
  3 ball pythons (D:1)
  10 bats
  3 frilled lizards (D:1)
  2 rats (D:1)
46 creatures vanquished.

Vanquished Creatures (others)
  3 fungi (D:2)
  5 plants (D:2)
8 creatures vanquished.

Grand Total: 54 creatures vanquished

Notes
Turn   | Place    | Note
-------+----------+-------------------------------------------
     0 | Abyss:1  | Gargoyl the Gnoll Abyssal Knight began the quest for the
                  | Orb.
     0 | Abyss:1  | Reached XP level 1. HP: 23/23 MP: 3/3
     0 | Abyss:1  | Found a corrupted altar of Lugonu.
    67 | Abyss:1  | Found a corrupted altar of Lugonu.
   100 | Abyss:1  | Noticed a large abomination
   127 | Abyss:1  | Found a corrupted altar of Lugonu.
   143 | Abyss:1  | Noticed a quasit
   146 | Abyss:1  | Noticed an orange demon
   147 | Abyss:1  | Killed a quasit
   148 | Abyss:1  | Reached XP level 2. HP: 27/29 MP: 5/5
   148 | Abyss:1  | Reached XP level 3. HP: 32/35 MP: 6/6
   152 | Abyss:1  | Noticed a raiju
   152 | Abyss:1  | Noticed a raiju
   154 | D:1      | Escaped the Abyss
   352 | D:1      | Reached * piety under Lugonu
   363 | D:1      | Reached skill level 1 in Short Blades
   363 | D:1      | Reached skill level 1 in Long Blades
   363 | D:1      | Reached skill level 1 in Maces & Flails
   363 | D:1      | Reached skill level 1 in Polearms
   363 | D:1      | Reached skill level 1 in Staves
   363 | D:1      | Reached skill level 1 in Slings
   363 | D:1      | Reached skill level 1 in Bows
   363 | D:1      | Reached skill level 1 in Crossbows
   363 | D:1      | Reached skill level 1 in Throwing
   363 | D:1      | Reached skill level 1 in Stealth
   363 | D:1      | Reached skill level 1 in Shields
   363 | D:1      | Reached skill level 1 in Unarmed Combat
   363 | D:1      | Reached skill level 1 in Spellcasting
   363 | D:1      | Reached skill level 1 in Evocations
   626 | D:1      | Reached XP level 4. HP: 34/41 MP: 7/7
  1137 | D:2      | Found a faded altar of an unknown god.
  1258 | D:2      | Reached skill level 1 in Conjurations
  1258 | D:2      | Reached skill level 1 in Hexes
  1258 | D:2      | Reached skill level 1 in Summonings
  1258 | D:2      | Reached skill level 1 in Necromancy
  1258 | D:2      | Reached skill level 1 in Translocations
  1258 | D:2      | Reached skill level 1 in Transmutations
  1258 | D:2      | Reached skill level 1 in Fire Magic
  1258 | D:2      | Reached skill level 1 in Ice Magic
  1258 | D:2      | Reached skill level 1 in Air Magic
  1258 | D:2      | Reached skill level 1 in Earth Magic
  1258 | D:2      | Reached skill level 1 in Poison Magic
  1799 | D:2      | Noticed an ogre
  1809 | D:2      | Slain by an ogre

Illustrated notes

Levels and vault maps discovered:
D:1:      minmay_arrival_checkered_box, layout_basic
D:2:      layout_loops_corners, basic_altar, dreamdust_ecumenical_altar_grove,
          minmay_misc_feat_rugged

Skill      XL: |  1  2  3  4 |
---------------+-------------+-----
Short Blades   | 1 |  1.3
Long Blades    | 1 |  1.3
Maces & Flails | 1 |  1.3
Polearms       | 1 |  1.3
Staves         | 1 |  1.3
Slings         | 1 |  1.3
Bows           | 1 |  1.3
Crossbows      | 1 |  1.3
Throwing       | 1 |  1.3
Stealth        | 1 |  1.3
Shields        | 1 |  1.3
Unarmed Combat | 1 |  1.3
Spellcasting   | 1 |  1.3
Evocations     | 1 |  1.3
Conjurations   | 1 |  1.0
Hexes          | 1 |  1.0
Summonings     | 1 |  1.0
Necromancy     | 1 |  1.0
Translocations | 1 |  1.0
Transmutations | 1 |  1.0
Fire Magic     | 1 |  1.0
Ice Magic      | 1 |  1.0
Air Magic      | 1 |  1.0
Earth Magic    | 1 |  1.0
Poison Magic   | 1 |  1.0
Fighting       | |  6.6
Axes           | |  4.7
Armour         | |  4.7
Dodging        | |  2.8
Invocations    | |  4.8

Action                   |  1- 3 |  4- 6 || total
-------------------------+-------+-------++-------
Melee: Hand axe          |    54 |    87 ||   141
       Bite              |     2 |     8 ||    10
Throw: Javelin           |       |     2 ||     2
Invok: Depart the Abyss  |     1 |       ||     1
  Use: Potion            |       |     2 ||     2
       Scroll            |       |     1 ||     1
Armor: Scale mail        |    19 |       ||    19
       Chain mail        |    42 |    63 ||   105
Dodge: Dodged            |    44 |    29 ||    73

Table legend: (Time is in decaauts)
 A = Elapsed time spent in this place.
 B = Non-inter-level travel time spent in this place.
 C = Inter-level travel time spent in this place.
 D = Time resting spent in this place.
 E = Time spent auto-exploring this place.
 F = Levels seen in this place.
 G = Mean time per level.
                   A        B        C        D        E       F      G
               +--------+--------+--------+--------+--------+-----+--------+
         Total |   1820 |   1820 |      0 |      0 |   1350 |   3 |  606.7 |
       Dungeon |   1663 |   1663 |      0 |      0 |   1252 |   2 |  831.5 |
         Abyss |    157 |    157 |      0 |      0 |     98 |   1 |  157.0 |
               +--------+--------+--------+--------+--------+-----+--------+

Top non-repeatable levels by time:
     D:1: 968 daAuts
     D:2: 695 daAuts
 Abyss:1: 157 daAuts
